 Dungeon Crawl Stone Soup version 0.31-a0-1074-g0b22e4e0f1 (webtiles) character file.

Game seed: 11578995484588954930

965 ytrimaz the Chopper (level 8, -8/58 HPs)
             Began as a Formicid Fighter on Nov 20, 2023.
             Was a Follower of Okawaru.
             Killed by divine providence
             ... invoked by an orc priest
              (13 damage)
             ... on level 6 of the Dungeon on Dec 1, 2023.
             The game lasted 00:06:46 (4780 turns).

ytrimaz the Chopper (Formicid Fighter)              Turns: 4780, Time: 00:06:47

Health: -8/58      AC:  9    Str: 21    XL:     8   Next: 38%
Magic:  0/12       EV: 13    Int:  8    God:    Okawaru [*.....]
Gold:   258        SH:  7    Dex: 15    Spells: 7/7 levels left

rFire   . . .        B - +5 battleaxe
rCold   . . .        c - +0 buckler
rNeg    . . .        q - +3 ring mail
rPois   .            (helmet unavailable)
rElec   .            (no cloak)
rCorr   .            (no gloves)
SInv    +            (no boots)
Will    .....        l - amulet of guardian spirit
Stlth   ++           (no ring)
HPRegen 0.29/turn    (no ring)
MPRegen 0.13/turn

%: guardian spirit
@: heroic, attractive
A: permanent stasis, dig shafts and tunnels, antennae 3, four strong arms
a: Dig, Shaft Self, Renounce Religion, Heroism


You were on level 6 of the Dungeon.
You worshipped Okawaru.
Okawaru was aware of your devotion.
You visited 2 branches of the dungeon, and saw 7 of its levels.

You collected 258 gold pieces.


Innate Abilities, Weirdness & Mutations

You cannot be hasted, slowed, berserked, paralysed or teleported.
You can dig through walls and to a lower floor.
You have a pair of large antennae on your head. (SInv)
Your four strong arms can wield two-handed weapons with a shield.


   Skills:
 - Level 3.2(8.2) Fighting
 + Level 7.3(12.3) Axes
 - Level 3.2(8.2) Armour
 - Level 5.0(10.0) Shields
 + Level 6.1 Invocations


You had 7 spell levels left.
You didn't know any spells.
Your spell library contained the following spells:

 Spells                   Type           Power      Damage    Failure   Level
 Sigil of Binding         Hex            0%         N/A       93%         3
 Dimensional Bullseye     Hex/Tloc       0%         N/A       100%        4
 Leda's Liquefaction      Hex/Erth       0%         N/A       100%        4
 Call Canine Familiar     Summ           Unusable   N/A       N/A         3

Inventory:

Hand Weapons
 a - a +0 war axe
 B - a +5 battleaxe (weapon)
   (You took it off a wight on level 6 of the Dungeon)
Armour
 c - a +0 buckler (worn)
 q - a +3 ring mail (worn)
   (You found it on level 2 of the Dungeon)
 u - a +0 plate armour
   (You found it on level 3 of the Dungeon)
Jewellery
 l - an amulet of guardian spirit (around neck)
   (You found it on level 2 of the Dungeon)
Wands
 x - a wand of mindburst (2)
   (You found it on level 4 of the Dungeon)
Scrolls
 b - 2 scrolls of amnesia {unknown}
 f - 3 scrolls of noise {unknown}
 g - a scroll of enchant weapon {unknown}
 h - 2 scrolls of blinking {unknown}
 k - 7 scrolls of identify {unknown}
 m - a scroll of summoning {unknown}
 o - 2 scrolls of enchant armour {unknown}
 p - 2 scrolls of fear {unknown}
 r - a scroll of revelation {unknown}
 s - 3 scrolls of teleportation {unknown}
 t - a scroll of torment {unknown}
 v - a scroll of vulnerability {unknown}
 y - 2 scrolls of poison {unknown}
Potions
 d - a potion of might
 e - a potion of resistance {unknown}
 i - 2 potions of brilliance {unknown}
 j - a potion of mutation {unknown}
 n - a potion of attraction
 w - a potion of haste {unknown}
 z - a potion of experience {unknown}
 A - a potion of heal wounds {unknown}

Dungeon Overview and Level Annotations

Branches:
Dungeon (6/15) Zot: 26683  Temple (1/1) D:4 Zot: 5981

Altars:
Ashenzari
Cheibriados
Dithmenos
Elyvilon
Gozag
Kikubaaqudgha
Makhleb
Okawaru
Sif Muna
Vehumet
Wu Jian
Xom
Yredelemnul
Zin

#............
###.....##...
.. ###....##
>...###...#<##
........###.#
....###.....#
.. #..{####
#.##o# ...#@##
..#.#### .. ##
.


You could see an orc priest.


Message History

😕 HP[+1]
An orc warrior is nearby!
Unknown command.
The orc warrior shouts!
You hear an angry hiss.
You hit the orc warrior but do no damage.
You block the orc warrior's attack.
The orc warrior barely misses you. 😕 HP[+1]
You closely miss the orc warrior.
The orc warrior hits you with a +0 hand axe. 😕 HP[-2] MP[-1]
You take 2 damage, and now have 52/58 hp.
You lost 1 mp, and now have 11/12 mp.
You barely miss the orc warrior.
The orc warrior hits you with a +0 hand axe!
You block the orc warrior's attack. 😮 HP[-11] MP[-2]
You take 11 damage, and now have 41/58 hp.
You lost 2 mp, and now have 9/12 mp.
You are too injured to fight recklessly!
You barely miss the orc warrior.
The orc warrior hits you with a +0 hand axe. 😮 HP[-3]
You take 3 damage, and now have 38/58 hp.
You are too injured to fight recklessly!
Unknown command.
You closely miss the orc warrior.
The orc warrior hits you with a +0 hand axe. 😮 HP[-2]
You take 2 damage, and now have 36/58 hp.
You are too injured to fight recklessly!
You closely miss the orc warrior. The orc warrior closely misses you.
You block the orc warrior's attack. 😮 HP[+1]
Items here: ))) [[[[. 😮 MP[+1]
The orc warrior hits you with a +0 hand axe!
* * * LOW HITPOINT WARNING * * *
Items here: ))) [[[[. 😨 HP[-8] MP[-2]
You take 8 damage, and now have 29/58 hp.
You lost 2 mp, and now have 8/12 mp.
Unknown command.
You hit the orc warrior but do no damage.
The orc warrior completely misses you.
The orc warrior hits you with a +0 hand axe!
* * * LOW HITPOINT WARNING * * *
😨 HP[-9] MP[-3]
You take 9 damage, and now have 20/58 hp.
You lost 3 mp, and now have 5/12 mp.
You hit the orc warrior but do no damage.
The orc warrior hits you with a +0 hand axe.
* * * LOW HITPOINT WARNING * * *
😨 HP[-4] MP[-1]
You take 4 damage, and now have 16/58 hp.
You lost 1 mp, and now have 4/12 mp.
Unknown command.
You barely miss the orc warrior.
The orc warrior hits you with a +0 hand axe!
* * * LOW HITPOINT WARNING * * *
The orc warrior hits you with a +0 hand axe.
* * * LOW HITPOINT WARNING * * *
😱 HP[-8] MP[-2]
You take 8 damage, and now have 8/58 hp.
You lost 2 mp, and now have 2/12 mp.
Unknown command.
Okay, then.
It was a potion of attraction.
You feel attractive to monsters. The orc warrior barely misses you.
You gain the combat prowess of a mighty hero.
The orc warrior hits you with a +0 hand axe.
* * * LOW HITPOINT WARNING * * *
😱 HP[-3] MP[-1]
You take 3 damage, and now have 5/58 hp.
You lost 1 mp, and now have 1/12 mp.
You closely miss the orc warrior. You block the orc warrior's attack.
Unknown command.
You slash the orc warrior!
You hear a shout!
The orc warrior hits you with a +0 hand axe.
* * * LOW HITPOINT WARNING * * *
😱 HP[-2] MP[-1]
You take 2 damage, and now have 3/58 hp.
You lost 1 mp, and now have 0/12 mp.
You slice the orc warrior!!
You kill the orc warrior!
Okawaru accepts your kill.
Your Invocations skill increases to level 6! 😱 HP[+1] Unknown command.
An orc priest comes into view. It is wielding a +0 club.
You block the orc priest's attack.
Items here: $ )))) [[[[[.
Unknown command.
The orc priest attacks as it pursues you!
The orc priest closely misses you.
You slash the orc priest!
The orc priest calls down the wrath of Beogh upon you.
Beogh smites you!
You die...

Skill      XL: |  1  2  3  4  5  6  7  8 |
---------------+-------------------------+-----
Shields        | 5 |  5.0
Axes           | 3 4 5 6 7 |  7.3
Invocations    | 3 5 6 |  6.1
Fighting       | |  3.2
Armour         | |  3.2

Action                     |  1- 3 |  4- 6 |  7- 9 || total
---------------------------+-------+-------+-------++-------
  Melee: War axe           |    98 |   171 |    73 ||   342
         Battleaxe         |       |       |    13 ||    13
 Invoke: Heroism           |       |       |     3 ||     3
Ability: Dig               |       |       |     1 ||     1
    Use: Potion            |       |       |     1 ||     1
 Armour: Scale mail        |    56 |    14 |       ||    70
         Ring mail         |       |   110 |    50 ||   160
  Dodge: Dodged            |    35 |    86 |    34 ||   155
  Block: Buckler           |    28 |    36 |    21 ||    85

Levels and vault maps discovered:
D:1:      dpeg_arrival_rooms_a, layout_loops_corners
D:2:      layout_loops_ring, grunt_ministairs_7
D:3:      layout_basic, nicolae_overflow_squiral, minivault_26
D:4:      layout_basic, minmay_temple_entry_crystal_x, dk_noncrumbling_2,
          minmay_ruined_shrine
D:5:      minmay_inner_zag, layout_loops_ring, mainiacjoe_overflow_paths,
          mainiacjoe_overflow_alcove_1, marbit_many_paths
D:6:      layout_rooms, nicolae_ru_path_of_blood,
          mainiacjoe_overflow_cross_hatched, lemuel_tele_altar,
          overflow_temple_1_default, guppyfry_shop_venom, uniq_eustachio
Temple:   hellmonk_temple_two_chambers

Notes
Turn   | Place    | Note
-------+----------+-------------------------------------------
     0 | D:1      | ytrimaz the Formicid Fighter began the quest for the Orb.
     0 | D:1      | Reached XP level 1. HP: 18/18 MP: 1/1
     0 | D:1      | magus.rc [v1.9.6]
   232 | D:1      | Reached XP level 2. HP: 23/24 MP: 2/2
   621 | D:1      | Upgraded the game from 0.31-a0-986-g5e6e4ef867 to
                  | 0.31-a0-1074-g0b22e4e0f1
   621 | D:1      | magus.rc [v1.9.6]
   626 | D:1      | Reached XP level 3. HP: 21/29 MP: 3/3
   678 | D:1      | You pick up a book of the Hunter and begin reading...
   678 | D:1      | You add the spells Sigil of Binding, Call Canine Familiar,
                  | Dimensional Bullseye and Leda's Liquefaction to your
                  | library.
   998 | D:2      | Reached skill level 5 in Shields
  1003 | D:2      | Reached skill level 3 in Axes
  1349 | D:2      | Reached XP level 4. HP: 35/35 MP: 4/4
  1820 | D:2      | Reached skill level 4 in Axes
  1855 | D:2      | Reached XP level 5. HP: 41/41 MP: 5/5
  1861 | D:2      | magus.rc [v1.9.6]
  1861 | D:2      | magus.rc [v1.9.6]
  2038 | D:3      | Found a shadowy altar of Dithmenos.
  2039 | D:3      | Found a burning altar of Makhleb.
  2531 | D:4      | Found a staircase to the Ecumenical Temple.
  2554 | D:4      | Reached skill level 5 in Axes
  2650 | Temple   | Entered the Ecumenical Temple
  2659 | Temple   | Became a worshipper of Warmaster Okawaru
  2796 | D:4      | Found an ancient bone altar of Kikubaaqudgha.
  2826 | D:4      | Reached XP level 6. HP: 38/47 MP: 6/6
  3097 | D:4      | Reached skill level 1 in Invocations
  3277 | D:5      | Entered Level 5 of the Dungeon
  3294 | D:5      | Reached skill level 2 in Invocations
  3453 | D:5      | Reached * piety under Okawaru
  3454 | D:5      | Reached skill level 3 in Invocations
  3454 | D:5      | Reached XP level 7. HP: 17/52 MP: 5/9
  3458 | D:5      | HP: 13/52 [poisoned by a scorpion]
  3613 | D:5      | Reached skill level 6 in Axes
  3698 | D:5      | Reached skill level 4 in Invocations
  3903 | D:5      | Found a basalt altar of Yredelemnul.
  3958 | D:5      | Found an opulent altar of Gozag.
  4342 | D:5      | Found a snail-covered altar of Cheibriados.
  4491 | D:6      | Reached skill level 5 in Invocations
  4491 | D:6      | Reached XP level 8. HP: 38/57 MP: 7/11
  4592 | D:6      | Reached skill level 7 in Axes
  4592 | D:6      | HP: 14/58 [wight/+0 battleaxe (8)]
  4593 | D:6      | HP: 5/58 [wight/+0 battleaxe (9)]
  4772 | D:6      | HP: 9/58 [orc warrior/+0 hand axe (7)]
  4776 | D:6      | HP: 3/58 [orc warrior/+0 hand axe (2)]
  4778 | D:6      | Reached skill level 6 in Invocations
  4780 | D:6      | Killed from afar by an orc priest

Vanquished Creatures
  An orc warrior (D:6)
  An ogre (D:5)
  A phantom (D:5)
  4 scorpions (D:5)
  4 wights (D:6)
  A hound (D:5)
  An orc priest (D:4)
  A sleepcap (D:6)
  6 adders
  2 worms (D:5)
  4 dart slugs
  13 orcs
  8 ball pythons
  5 endoplasms
  5 giant cockroaches
  7 goblins
  15 hobgoblins
  4 jackals
  7 kobolds
  10 quokkas
  5 bats
  7 frilled lizards
  7 rats
119 creatures vanquished.

Table legend:
 A = Non-vault XP
 B = Vault XP
 C = Vault XP percentage of total XP
 D = Non-vault monster count
 E = Vault monster count
 F = Vault count percentage of total count
                 A         B        C        D         E       F
            +---------+---------+-------+---------+---------+-------
      Total |    1275 |     104 |   7.5 |     108 |      11 |   9.2
            +---------+---------+-------+---------+---------+-------
        D:1 |      46 |       0 |   0.0 |      25 |       0 |   0.0
        D:2 |     100 |       4 |   3.8 |      26 |       2 |   7.1
        D:3 |      36 |       0 |   0.0 |      21 |       0 |   0.0
        D:4 |      89 |      12 |  11.9 |      21 |       6 |  22.2
        D:5 |     541 |      88 |  14.0 |       9 |       3 |  25.0
        D:6 |     463 |       0 |   0.0 |       6 |       0 |   0.0
            +---------+---------+-------+---------+---------+-------

Skill      XL: |  1  2  3  4  5  6  7  8 |
---------------+-------------------------+-----
Shields        | 5 |  5.0
Axes           | 3 4 5 6 7 |  7.3
Invocations    | 3 5 6 |  6.1
Fighting       | |  3.2
Armour         | |  3.2

Action                     |  1- 3 |  4- 6 |  7- 9 || total
---------------------------+-------+-------+-------++-------
  Melee: War axe           |    98 |   171 |    73 ||   342
         Battleaxe         |       |       |    13 ||    13
 Invoke: Heroism           |       |       |     3 ||     3
Ability: Dig               |       |       |     1 ||     1
    Use: Potion            |       |       |     1 ||     1
 Armour: Scale mail        |    56 |    14 |       ||    70
         Ring mail         |       |   110 |    50 ||   160
  Dodge: Dodged            |    35 |    86 |    34 ||   155
  Block: Buckler           |    28 |    36 |    21 ||    85

Illustrated notes

Table legend:
 A = Kills in this place as a percentage of kills in the entire game.
 B = Kills by you in this place as a percentage of kills by you in the entire game.
 C = Kills by friends in this place as a percentage of kills by friends in the entire game.
 D = Other kills in this place as a percentage of other kills in the entire game.
 E = Experience gained in this place as a percentage of experience gained in the entire game.
 F = Experience gained in this place divided by the number of levels of this place that you have seen.
                   A       B       C       D       E      F
               +-------+-------+-------+-------+-------+----------------------
         Total | 100.0 | 100.0 |   N/A |   N/A | 100.0 | 197.0
       Dungeon | 100.0 | 100.0 |   N/A |   N/A | 100.0 | 229.8
               +-------+-------+-------+-------+-------+----------------------

Table legend: (Time is in decaauts)
 A = Elapsed time spent in this place.
 B = Non-inter-level travel time spent in this place.
 C = Inter-level travel time spent in this place.
 D = Time resting spent in this place.
 E = Time spent auto-exploring this place.
 F = Levels seen in this place.
 G = Mean time per level.
                   A        B        C        D        E       F      G
               +--------+--------+--------+--------+--------+-----+--------+
         Total |   4883 |   4751 |    132 |      0 |   3791 |   7 |  697.6 |
       Dungeon |   4864 |   4740 |    124 |      0 |   3791 |   6 |  810.7 |
        Temple |     18 |     10 |      8 |      0 |      0 |   1 |   18.0 |
               +--------+--------+--------+--------+--------+-----+--------+

Top non-repeatable levels by time:
     D:5: 1208 daAuts
     D:1: 1012 daAuts
     D:2: 957 daAuts
     D:4: 780 daAuts
     D:3: 590 daAuts
     D:6: 315 daAuts
  Temple: 18 daAuts
